 Dungeon Crawl Stone Soup version 0.21.0-24-g2553a33 (webtiles) character file.

6140 Larett the Slicer (level 11, -10/61 HPs)
             Began as a Halfling Necromancer on Jan 20, 2018.
             Was a Follower of Wu Jian.
             Mangled by a yak (16 damage)
             ... on level 1 of the Lair of Beasts.
             The game lasted 00:37:44 (10819 turns).

Larett the Slicer (Halfling Necromancer)           Turns: 10819, Time: 00:37:45

Health: -10/61     AC:  9    Str:  9    XL:     11   Next: 13%
Magic:  13/13      EV: 17    Int: 16    God:    Wu Jian [*.....]
Gold:   113        SH:  0    Dex: 19    Spells: 9/13 levels left

rFire    + + .     SeeInvis .   a - +3 rapier (elec)
rCold    x . .     Gourm    +   (shield restricted)
rNeg     . . .     Faith    .   Q - +0 leather armour {rF+}
rPois    .         Spirit   .   r - +2 helmet {Int+3}
rElec    .         Reflect  .   z - +0 cloak
rCorr    .         Harm     .   t - +0 pair of gloves
MR       .....                  O - +0 pair of boots
Stlth    ++........             x - amulet of the gourmand
HPRegen  0.20/turn              Y - ring of fire
MPRegen  0.13/turn              (no ring)

@: no status effects
A: small, mutation resistance 1
a: Renounce Religion


You were on level 1 of the Lair of Beasts.
You worshipped Wu Jian.
Wu Jian was aware of your devotion.
You were completely stuffed.

You visited 3 branches of the dungeon, and saw 11 of its levels.

You collected 425 gold pieces.
You spent 312 gold pieces at shops.

Inventory:

Hand Weapons
 a - a +3 rapier of electrocution (weapon)
 b - a +4 hunting sling
 G - a +4 dagger of draining
 I - a +4 quarterstaff of chaos
 L - a +2 dagger of venom
 R - a +0 shortbow
 X - a +2 whip of electrocution
Missiles
 g - 5 needles of confusion
 n - 173 stones
 o - 134 arrows
 s - 3 exploding tomahawks (quivered)
 u - 49 bolts
 y - 61 sling bullets
 H - 31 poisoned needles
 N - 8 tomahawks
 Z - 2 throwing nets {!f}
Armour
 f - a +1 robe
 r - a +2 helmet of intelligence (worn)
 t - a +0 pair of gloves (worn)
 z - a +0 cloak (worn)
 J - a +0 chain mail
 O - a +0 pair of boots (worn)
 Q - a +0 leather armour of fire resistance (worn)
Jewellery
 l - the amulet of Fedhas's Hatred {+Rage rF+ rC+ Str-4}
   (You found it on level 7 of the Dungeon)

   [amulet of rage]

   It affects your strength (-4).
   It protects you from fire.
   It protects you from cold.
   It lets you go berserk.
 x - an amulet of the gourmand (around neck)
 K - an uncursed ring of fire
 Y - a ring of fire (left hand)
Wands
 A - a wand of acid (8)
 E - a wand of enslavement (6)
 F - a wand of random effects (18)
 P - a wand of paralysis (25)
Scrolls
 q - a scroll of remove curse
 B - 2 scrolls of blinking
 C - a scroll of enchant weapon
 T - 4 scrolls of teleportation
 W - 2 scrolls of amnesia
Potions
 d - 2 potions of invisibility {unknown}
 e - 2 potions of heal wounds {unknown}
 j - a potion of lignification {unknown}
 m - a potion of agility
 p - a potion of resistance {unknown}
 D - a potion of cancellation {unknown}
 S - 4 potions of brilliance {unknown}
 U - 6 potions of ambrosia
 V - 3 potions of curing {unknown}
Books
 h - a book of Necromancy

   Spells                             Type                      Level
   a - Pain                           Necromancy                   1
   b - Animate Skeleton               Necromancy                   1
   c - Vampiric Draining              Necromancy                   3
   d - Regeneration                   Charms/Necromancy            3
   e - Animate Dead                   Necromancy                   4
   f - Borgnjor's Vile Clutch         Necromancy/Earth             5
Comestibles
 c - 16 rations


   Skills:
 - Level 14.2 Short Blades
 + Level 9.4 Throwing
 - Level 4.2 Dodging
 - Level 2.1 Stealth
 - Level 1.5 Spellcasting
 - Level 3.2 Necromancy


You had 9 spell levels left.
You knew the following spells:

 Your Spells              Type           Power        Failure   Level  Hunger
a - Pain                  Necr           ##..         8%          1    ##.....
v - Vampiric Draining     Necr           ##........   24%         3    ####...


Dungeon Overview and Level Annotations

Branches:
Dungeon (9/15)             Temple (1/1) D:6            Lair (1/6) D:8
    Orc: D:9-12

Altars:
Cheibriados
Dithmenos
Elyvilon
Gozag
Hepliaklqana
Kikubaaqudgha
Makhleb
Okawaru
Qazlal
Ru
Sif Muna
Trog
Uskayaw
Vehumet
Wu Jian
Xom
Yredelemnul
Zin
The Shining One

Shops:
D:6 }   D:8 [


Innate Abilities, Weirdness & Mutations

You are small and have problems with some larger weapons.
You are somewhat resistant to further mutation.


Message History

You puncture the yak! Lightning courses through the yak!
The yak is severely wounded.
You spin and attack the yak repeatedly.
You hit the yak.
The yak is lightly wounded.
You hit the yak. Lightning courses through the yak!
The yak is heavily wounded.
You spin and attack the yak repeatedly.
You hit the yak. Lightning courses through the yak!
The yak is heavily wounded.
You barely miss the yak.
The yak is heavily wounded.
The yak gores you! x2
* * * LOW HITPOINT WARNING * * *
The yak barely misses you.
There is a staircase back to the Dungeon, spattered with blood here.
You see here a yak corpse.
The yak gores you.
* * * LOW HITPOINT WARNING * * *
The yak gores you!
You die...

... ..# .. #.#
.. ##.# #..#
###.##
####.Y@Y##
.......Y..#
..........#
...((.......
.((...........
(.......####!...
......... ....
......... ...
.$..... ..


You could see 3 yaks.

Vanquished Creatures
  2 two-headed ogres
  A deep elf mage (D:6)
  Maurice (D:9)
  A hornet (D:9)
  A hippogriff (D:7)
  Sigmund (D:5)
  A wyvern (D:8)
  2 yaks
  Eustachio (D:4)
  Menkaure (D:6)
  Edmund (D:5)
  2 sky beasts (D:7)
  An ice beast (D:5)
  An orc warrior (D:7)
  4 phantoms
  3 ogres
  2 centaurs
  3 big kobolds
  4 bullfrogs
  A gnoll sergeant (D:5)
  3 scorpions
  A crimson imp (D:8)
  A centaur zombie (D:7)
  5 orc priests
  2 hounds (D:7)
  A quasit (D:6)
  Crazy Yiuf (D:5)
  A jelly (D:6)
  A bullfrog skeleton (D:9)
  2 centaur skeletons
  3 iguanas
  4 orc wizards
  3 worker ants
  A hound skeleton (D:6)
  A worker ant zombie (D:6)
  3 gnolls (D:4)
  11 adders
  A shadow imp (D:6)
  2 adder skeletons
  3 worms
  3 dart slugs
  3 leopard geckos
  22 orcs
  5 giant cockroaches
  10 hobgoblins
  13 jackals
  17 kobolds
  4 quokkas
  2 ball pythons
  A ball python skeleton (D:4)
  7 bats
  5 frilled lizards
  A giant cockroach zombie (D:6)
  3 goblins
  A jackal skeleton (D:4)
  A leopard gecko zombie (D:5)
  9 rats
191 creatures vanquished.

Notes
Turn   | Place    | Note
-------+----------+-------------------------------------------
     0 | D:1      | Larett the Halfling Necromancer began the quest for the Orb.
     0 | D:1      | Reached XP level 1. HP: 11/11 MP: 3/3
   538 | D:1      | Reached XP level 2. HP: 15/17 MP: 0/4
   567 | D:1      | Reached skill level 3 in Dodging
  1365 | D:1      | Reached XP level 3. HP: 19/21 MP: 5/5
  2088 | D:2      | Reached XP level 4. HP: 25/27 MP: 3/6
  2095 | D:2      | Reached skill level 1 in Short Blades
  2235 | D:2      | Reached skill level 2 in Short Blades
  2521 | D:3      | Reached skill level 3 in Short Blades
  2521 | D:3      | Reached XP level 5. HP: 31/31 MP: 7/7
  2937 | D:4      | Learned a level 3 spell: Vampiric Draining
  3050 | D:4      | HP: 4/31 [orc wizard/puff of flame (2)]
  3343 | D:4      | Reached skill level 4 in Short Blades
  3625 | D:4      | Found a shimmering altar of Xom.
  3676 | D:4      | Reached skill level 5 in Short Blades
  3676 | D:4      | Reached XP level 6. HP: 35/36 MP: 8/8
  4137 | D:4      | Found a white marble altar of Elyvilon.
  4340 | D:4      | Reached skill level 6 in Short Blades
  4349 | D:4      | Reached skill level 7 in Short Blades
  4349 | D:4      | Reached XP level 7. HP: 36/41 MP: 9/9
  4412 | D:5      | Entered Level 5 of the Dungeon
  4690 | D:5      | Noticed Eustachio
  4735 | D:4      | Killed Eustachio
  4735 | D:4      | Reached skill level 8 in Short Blades
  4895 | D:5      | Reached XP level 8. HP: 43/46 MP: 10/10
  5058 | D:5      | Found a runed door.
  5064 | D:5      | Noticed Crazy Yiuf
  5072 | D:5      | Killed Crazy Yiuf
  5072 | D:5      | Reached skill level 9 in Short Blades
  5076 | D:5      | Got a steaming mace
  5077 | D:5      | Identified the cursed +0 mace of Lerph {crush, rElec Int+5} (You found it on level 5 of the Dungeon)
  5282 | D:5      | Reached skill level 10 in Short Blades
  5442 | D:5      | Noticed Edmund
  5456 | D:5      | Killed Edmund
  5553 | D:5      | Noticed Sigmund
  5567 | D:5      | Killed Sigmund
  5567 | D:5      | Reached skill level 11 in Short Blades
  6063 | D:6      | Reached XP level 9. HP: 39/51 MP: 11/11
  6181 | D:6      | Found Con Vuho's Gadget Shop.
  6207 | D:6      | Found a staircase to the Ecumenical Temple.
  6229 | D:6      | Reached skill level 12 in Short Blades
  6253 | Temple   | Entered the Ecumenical Temple
  6489 | Temple   | Became a worshipper of the Wu Jian Council
  6553 | D:6      | Noticed Menkaure
  6559 | D:6      | Killed Menkaure
  7197 | D:6      | Reached skill level 13 in Short Blades
  7322 | D:6      | Noticed a deep elf mage
  7335 | D:6      | Killed a deep elf mage
  7960 | D:7      | Found an ancient bone altar of Kikubaaqudgha.
  7963 | D:7      | Noticed a hippogriff
  7977 | D:7      | Killed a hippogriff
  7977 | D:7      | Reached skill level 14 in Short Blades
  7977 | D:7      | Reached XP level 10. HP: 55/56 MP: 12/12
  8112 | D:7      | Reached skill level 1 in Throwing
  8404 | D:7      | Reached * piety under Wu Jian
  8470 | D:7      | Reached skill level 3 in Throwing
  8677 | D:7      | Got a scintillating ruby amulet
  8788 | D:7      | You fall through a shaft for 2 floors!
  8808 | D:9      | Noticed Maurice
  8862 | D:9      | Killed Maurice
  8956 | D:9      | Found an opulent altar of Gozag.
  9119 | D:7      | Reached skill level 6 in Throwing
  9630 | D:8      | Noticed a two-headed ogre
  9654 | D:7      | Killed a two-headed ogre
  9939 | D:8      | Found a sacrificial altar of Ru.
  9942 | D:8      | Found a hide-covered altar of Uskayaw.
 10061 | D:8      | Identified the amulet of Fedhas's Hatred {+Rage rF+ rC+ Str-4} (You found it on level 7 of the Dungeon)
 10080 | D:8      | Noticed a two-headed ogre
 10093 | D:8      | Killed a two-headed ogre
 10093 | D:8      | Reached XP level 11. HP: 18/61 MP: 13/13
 10318 | D:8      | Got a dazzling flail
 10319 | D:8      | Identified the cursed +0 flail of Cobwebs {drain, SInv} (You found it on level 8 of the Dungeon)
 10549 | D:8      | Found Xueffec's Antique Armour Emporium.
 10578 | D:8      | Bought a pair of gloves for 117 gold pieces
 10578 | D:8      | Bought a runed helmet for 195 gold pieces
 10687 | D:8      | Reached skill level 9 in Throwing
 10788 | D:8      | Found a staircase to the Lair.
 10792 | Lair:1   | Entered Level 1 of the Lair of Beasts
 10819 | Lair:1   | HP: 6/61 [yak (6)]
 10819 | Lair:1   | Mangled by a yak

Skill      XL: |  1  2  3  4  5  6  7  8  9 10 11 |
---------------+----------------------------------+-----
Dodging        | 3 4 |  4.2
Short Blades   | 3 5 7 8 11 14 | 14.2
Throwing       | 8 9 |  9.4
Stealth        | |  2.1
Spellcasting   | |  1.5
Necromancy     | |  3.2

Action                   |  1- 3 |  4- 6 |  7- 9 | 10-12 || total
-------------------------+-------+-------+-------+-------++-------
Melee: Hand axe          |     8 |       |       |       ||     8
       Dagger            |    51 |   123 |    34 |       ||   208
       Rapier            |       |       |   119 |   183 ||   302
 Fire: Hunting sling     |       |   105 |   158 |    67 ||   330
 Cast: Pain              |    14 |       |       |       ||    14
Invok: Lunge             |       |       |     3 |     9 ||    12
       Whirlwind         |       |       |       |     8 ||     8
  Use: Scroll            |     8 |       |     7 |     2 ||    17
       Potion            |       |       |     1 |       ||     1
 Stab: Sleeping          |     4 |       |       |       ||     4
       Distracted        |       |       |     1 |       ||     1
  Eat: Chunk             |    10 |    11 |    12 |    10 ||    43
Armor: Robe              |    12 |     5 |       |       ||    17
       Leather armour    |       |    13 |    27 |    18 ||    58
Dodge: Dodged            |    58 |    83 |   115 |    78 ||   334
